 Dungeon Crawl Stone Soup version 0.29-a0-352-g0917bc69df (webtiles) character file.

Game seed: 2726360170118795155

28 Agony the Skirmisher (level 2, -1/29 HPs)
             Began as a Troll Fighter on Apr 24, 2022.
             Succumbed to a gnoll's poison
             ... on level 1 of the Dungeon.
             The game lasted 00:01:16 (744 turns).

Agony the Skirmisher (Troll Fighter)                 Turns: 744, Time: 00:01:16

Health: -1/29      AC:  4    Str: 23    XL:     2   Next: 96%
Magic:  1/1        EV:  8    Int:  4    God:
Gold:   119        SH:  7    Dex:  9    Spells: 1/1 levels left

rFire   . . .      SeeInvis .   a - +0 flail
rCold   . . .      Faith    .   c - +0 kite shield
rNeg    . . .      Spirit   .   b - +0 robe
rPois   .          Reflect  .   (helmet restricted)
rElec   .          Harm     .   (no cloak)
rCorr   .          Rampage  .   (gloves unavailable)
Will    .....                   (boots unavailable)
Stlth   +.........              (no amulet)
HPRegen 0.89/turn               (no ring)
MPRegen 0.07/turn               (no ring)

@: lethally poisoned (-1 -> -12)
A: large, unfitting armour, claws 3, regeneration 1, shaggy fur 1, tough skin 1
a: no special abilities


You were on level 1 of the Dungeon.
You visited 1 branch of the dungeon, and saw 1 of its levels.

You collected 119 gold pieces.

Inventory:

Hand Weapons
 a - a +0 flail (weapon)
Armour
 b - a +0 robe (worn)
 c - a +0 kite shield (worn)
Jewellery
 h - a +4 ring of slaying
Scrolls
 f - a scroll of identify {unknown}
Potions
 d - a potion of might
 e - a potion of flight {unknown}
 g - a potion of brilliance {unknown}


   Skills:
 + Level 2.7 Fighting
 + Level 2.1 Maces & Flails
 + Level 2.7 Dodging
 + Level 2.7 Shields


You had one spell level left.
You didn't know any spells.
Your spell library contained the following spells:

 Spells                   Type           Power      Damage    Failure   Level
 Sting                    Tmut/Pois      0%         1d3       80%         1
 Poisonous Vapours        Pois/Air       0%         N/A       91%         2
 Olgreb's Toxic Radiance  Pois           0%         N/A       100%        4


Dungeon Overview and Level Annotations

Branches:
Dungeon (1/15)

Altars:

Shops:
D:1 *


Innate Abilities, Weirdness & Mutations

You are too large for most types of armour.
You have claws for hands.
Your natural rate of healing is unusually fast.
You are covered in fur. (AC +1)
You have tough skin. (AC +1)


Message History

You open the door.
A rat and a ball python come into view.
The ball python hisses angrily.
You hear a shout!
A giant cockroach comes into view.
A gnoll comes into view. It is wielding a +1 flail of venom.
The gnoll shouts!
There is an open door here.
You thump the ball python!
You kill the ball python!
You closely miss the giant cockroach. The giant cockroach barely misses you.
You closely miss the giant cockroach. You block the giant cockroach's attack.
The rat bites you.
The giant cockroach bites you but does no damage.
You hit the giant cockroach but do no damage.
The rat bites you but does no damage. The giant cockroach barely misses you.
The rat barely misses you. You block the gnoll's attack.
The giant cockroach completely misses you.
You closely miss the gnoll. The giant cockroach bites you.
The gnoll hits you with a +1 flail of venom.
You are poisoned.
The rat bites you but does no damage.
You sock the gnoll!
The gnoll is heavily wounded.
You feel very sick. You block the giant cockroach's attack.
The gnoll hits you with a +1 flail of venom.
The rat bites you but does no damage. The giant cockroach barely misses you.
The gnoll barely misses you. The rat barely misses you.
You hit the gnoll but do no damage.
The gnoll is heavily wounded.
You feel sick.
The giant cockroach bites you but does no damage.
The gnoll hits you with a +1 flail of venom!
You are lethally poisoned!
The rat bites you.
* * * LOW HITPOINT WARNING * * *
The giant cockroach barely misses you.
* * * LOW HITPOINT WARNING * * *
You feel very sick.
You die...

######..# ###...###.#
#.......#.## #######
##.##.##....#### .......
#..#.#.#........ .......
#..#...#..#..### .......
#..#...#...#.#
......g####..##.##..##.###
......Br.@.....#....##..#.
.......#######....#.###.#.
....... ##รทรท.#.###.#.
....... #.###.....#.
....... #######.# #####..#
....... #.......# #.......
####### #.#########.####..
########.# #.....#.####..
.........# #)###.#.#..)..


You could see a gnoll, a giant cockroach and a rat.

Vanquished Creatures
  A bat (D:1)
  An endoplasm (D:1)
  3 giant cockroaches (D:1)
  A goblin (D:1)
  3 hobgoblins (D:1)
  3 jackals (D:1)
  2 ball pythons (D:1)
  3 frilled lizards (D:1)
  5 kobolds (D:1)
  4 rats (D:1)
26 creatures vanquished.

Notes
Turn   | Place    | Note
-------+----------+-------------------------------------------
     0 | D:1      | Agony the Troll Fighter began the quest for the Orb.
     0 | D:1      | Reached XP level 1. HP: 22/22 MP: 0/0
    40 | D:1      | Found Qaiphic's General Store.
   126 | D:1      | Reached XP level 2. HP: 29/29 MP: 1/1
   148 | D:1      | Found a faded altar of an unknown god.
   744 | D:1      | Succumbed to a gnoll's poison

Illustrated notes

Levels and vault maps discovered:
D:1:      sevenhm_arrival_forest_fort_large_2, layout_basic,
          shapermc_ecumenical_altar_acropolis, serial_shops,
          nicolae_shop_behind_doors, minmay_distorted

Skill      XL: |  1 |
---------------+----+-----
Maces & Flails | 2 |  2.1
Fighting       | |  2.7
Dodging        | |  2.7
Shields        | |  2.7

Action                   || total
-------------------------++-------
Melee: Flail             ||    83
Armor: Robe              ||    27
Dodge: Dodged            ||    45
Block: Kite shield       ||    34

Table legend: (Time is in decaauts)
 A = Elapsed time spent in this place.
 B = Non-inter-level travel time spent in this place.
 C = Inter-level travel time spent in this place.
 D = Time resting spent in this place.
 E = Time spent auto-exploring this place.
 F = Levels seen in this place.
 G = Mean time per level.
                   A        B        C        D        E       F      G
               +--------+--------+--------+--------+--------+-----+--------+
         Total |    780 |    780 |      0 |      0 |    596 |   1 |  780.0 |
       Dungeon |    780 |    780 |      0 |      0 |    596 |   1 |  780.0 |
               +--------+--------+--------+--------+--------+-----+--------+

Top non-repeatable levels by time:
     D:1: 780 daAuts
